 Dungeon Crawl Stone Soup version 0.31-a0-1467-g53b6572822 (webtiles) character file.

Game seed: 10645405558324825499

368 DrBoom the Sneak (level 6, -1/57 HPs)
             Began as an Octopode Shapeshifter on Dec 28, 2023.
             Was a Follower of Trog.
             Incinerated by a bombardier beetle (2 damage)
             ... with a burning spray
             ... on level 5 of the Dungeon.
             The game lasted 00:05:46 (4650 turns).

DrBoom the Sneak (Octopode Shapeshifter)            Turns: 4650, Time: 00:05:47

Health: -1/57      AC: 23    Str: 14    XL:     6   Next: 69%
Magic:  6/6        EV:  2    Int: 11    God:    Trog [*.....]
Gold:   296        SH:  0    Dex: 16    Spells: 5/5 levels left

rFire   + .          .
                       - Unarmed
rCold   + . .        (no shield)
rNeg    . . .        (helmet currently unavailable)
rPois   +            (no amulet)
rElec   +            (no ring)
rCorr   +            (no ring)
SInv    .            (no ring)
Will    .....        (no ring)
Stlth   +            (no ring)
HPRegen 0.29/turn    (no ring)
MPRegen 0.10/turn    (no ring)
                     (no ring)

%: no passive effects
@: on fire, tree-form, resistant, glowing
A: stationary, stasis, torment immunity, boosted hp, almost no armour,
(amphibious), 8 rings, (camouflage 1), (gelatinous body 1), (nimble swimmer 1),
(tentacles), (iridescent scales 1), agile 1, (teleportitis 1)
a: Renounce Religion, Berserk


You were on level 5 of the Dungeon.
You worshipped Trog.
Trog was aware of your devotion.
You were a tree.
You visited 1 branch of the dungeon, and saw 5 of its levels.

You collected 296 gold pieces.

Inventory:

Hand Weapons
 g - a +0 quarterstaff
 h - a +0 sling
Missiles
 i - 30 stones
Talismans
 b - a beast talisman
 c - a flux talisman
Wands
 p - a wand of quicksilver (14)
Scrolls
 e - a scroll of enchant armour
 j - a scroll of teleportation
 m - 3 scrolls of blinking
Potions
 a - a potion of lignification
 d - a potion of resistance
 f - a potion of degeneration


   Skills:
 + Level 1.2 Fighting
 + Level 3.3 Dodging
 + Level 5.0 Stealth
 + Level 4.7 Unarmed Combat
 + Level 3.9 Shapeshifting


You had 5 spell levels left.
You didn't know any spells.
Your spell library was empty.

Dungeon Overview and Level Annotations

Branches:
Dungeon (5/15)             Temple (0/1) D:4

Altars:
Cheibriados
Trog
Yredelemnul

Shops:
D:4 :

Annotations:
D:3 1 runed translucent door, Crazy Yiuf


Innate Abilities, Weirdness & Mutations

You are a tree.
Your roots penetrate the ground, keeping you stationary.
You cannot be teleported.
You are immune to unholy pain and torment.
Your maximum health is greatly increased.
You cannot wear most types of armour.
((You are amphibious.))
You can wear up to eight rings at the same time.
((Your skin changes colour to match your surroundings (Stealth+).))
((Your rubbery body absorbs attacks. (AC +1, EV +1)))
((You are camouflaged when in or above water. (Stealth+)))
((You have tentacles for arms and can constrict up to eight enemies at once.))
((You are partially covered in iridescent scales. (AC +2)))
You are agile. (Dex +4, Str/Int -1)
((You are occasionally teleported next to monsters.))


Message History

* * * LOW HITPOINT WARNING * * *
The bombardier beetle bites you but does no damage.
Unknown command.
You hit the bombardier beetle but do no damage.
You punch the bombardier beetle, but do no damage.
The bombardier beetle is moderately wounded.
The liquid fire burns you!
* * * LOW HITPOINT WARNING * * *
Unknown command.
You smack the bombardier beetle!
The bombardier beetle is severely wounded.
The liquid fire burns you!
* * * LOW HITPOINT WARNING * * *
The bombardier beetle bites you but does no damage.
Unknown command.
Unknown command.
You barely miss the bombardier beetle.
The bombardier beetle is severely wounded.
The liquid fire burns you!
* * * LOW HITPOINT WARNING * * *
Unknown command.
You hit the bombardier beetle.
The bombardier beetle is almost dead.
The liquid fire burns you!
* * * LOW HITPOINT WARNING * * *
The bombardier beetle bites you.
* * * LOW HITPOINT WARNING * * *
Unknown command.
You smack the bombardier beetle!
You kill the bombardier beetle!
Trog accepts your kill. The liquid fire burns you!
* * * LOW HITPOINT WARNING * * *
Your Stealth skill increases to level 5!
Unknown command.
You are on fire!
The liquid fire burns you!
* * * LOW HITPOINT WARNING * * *
The liquid fire burns you!
You die...

##.....####....#
##.............#
#..#######.....##
##.## ##...$..##
##..#
##........###
##..##
##.......?...##
#..##
#.^...........#
#..#
#...............
..##
#$.......♣.....##
.##
#...............#
##
...............#
# ..............#
# ..)...........#
.#
.............##
.# .............#
.. #..........###
#.#


There were no monsters in sight!

Vanquished Creatures
  A scorpion (D:5)
  A bombardier beetle (D:5)
  A hound (D:5)
  A sleepcap (D:4)
  Natasha (D:2)
  A hound zombie (D:3)
  A mummy (D:4)
  6 adders
  4 gnolls
  3 dart slugs
  An orc (D:3)
  4 bats
  6 endoplasms
  2 giant cockroaches (D:2)
  9 goblins
  4 hobgoblins
  8 kobolds
  4 quokkas
  11 ball pythons
  6 frilled lizards
  A quokka zombie (D:3)
  4 rats
80 creatures vanquished.

Notes
Turn   | Place    | Note
-------+----------+-------------------------------------------
     0 | D:1      | DrBoom the Octopode Shapeshifter began the quest for the
                  | Orb.
     0 | D:1      | Reached XP level 1. HP: 13/13 MP: 1/1
   360 | D:1      | Reached XP level 2. HP: 18/18 MP: 2/2
   941 | D:2      | Found a faded altar of an unknown god.
  1042 | D:2      | Reached XP level 3. HP: 20/23 MP: 3/3
  1100 | D:2      | Reached skill level 1 in Stealth
  1249 | D:2      | Found a bloodstained altar of Trog.
  1291 | D:2      | Became a worshipper of Trog the Wrathful
  1644 | D:2      | Reached XP level 4. HP: 28/28 MP: 4/4
  1661 | D:2      | Noticed Natasha
  1671 | D:2      | Killed Natasha
  1859 | D:3      | Reached skill level 2 in Stealth
  2351 | D:3      | Found a runed translucent door.
  2352 | D:3      | Noticed Crazy Yiuf
  2654 | D:3      | Found a basalt altar of Yredelemnul.
  2859 | D:4      | Reached XP level 5. HP: 33/33 MP: 5/5
  3203 | D:4      | Found a snail-covered altar of Cheibriados.
  3426 | D:4      | Found Nejobino's Self-Improvement Boutique.
  3503 | D:4      | Reached skill level 3 in Stealth
  3518 | D:4      | Identified the +1 long sword of Strategic Superiority
                  | {heavy, Stlth+}
  4036 | D:4      | Found a staircase to the Ecumenical Temple.
  4280 | D:4      | Gained mutation: You are partially covered in iridescent
                  | scales. (AC +2) [potion of mutation]
  4280 | D:4      | Gained mutation: You are occasionally teleported next to
                  | monsters. [potion of mutation]
  4280 | D:4      | Gained mutation: You are agile. (Dex +4, Str/Int -1)
                  | [potion of mutation]
  4303 | D:5      | Entered Level 5 of the Dungeon
  4360 | D:5      | Reached skill level 4 in Stealth
  4360 | D:5      | Reached XP level 6. HP: 38/38 MP: 6/6
  4363 | D:5      | Reached * piety under Trog
  4648 | D:5      | HP: 1/57 [burnt (3)]
  4649 | D:5      | Reached skill level 5 in Stealth
  4650 | D:5      | Incinerated by a bombardier beetle

Illustrated notes

Levels and vault maps discovered:
D:1:      matt_arrival_spirals, layout_basic
D:2:      layout_loops_ring, basic_altar, ebering_ecumenical_altar_sacrificial,
          uniq_natasha
D:3:      layout_loops_ring, lemuel_zombie_altar_yredelemnul,
          nicolae_concentric_dashed_squares_wild, minmay_misc_feat_iff,
          minmay_lizard_king, uniq_crazy_yiuf_cottage
D:4:      layout_loops_corners, slow_altar_1, minmay_temple_entry_offerings,
          solitary_fountain, hangedman_decor_slide_cut, nicolae_shop_self_help
D:5:      layout_cave_pods, ashenzari_conservatory_becter, skrybe_limestone_x

Skill      XL: |  1  2  3  4  5  6 |
---------------+-------------------+-----
Stealth        | 1 2 4 5 |  5.0
Unarmed Combat | 4 |  4.7
Dodging        | 3 |  3.3
Fighting       | |  1.2
Shapeshifting  | |  3.9

Action                     |  1- 3 |  4- 6 || total
---------------------------+-------+-------++-------
  Melee: Unarmed           |    57 |   100 ||   157
         Tentacles         |    11 |    17 ||    28
         Constrict         |    16 |    21 ||    37
         Punch             |     3 |     5 ||     8
    Use: Scroll            |       |     7 ||     7
         Potion            |       |     8 ||     8
   Stab: Sleeping          |     5 |    14 ||    19
         Distracted        |       |     1 ||     1
 Armour: Skin              |    18 |    34 ||    52
  Dodge: Dodged            |    18 |    44 ||    62

Table legend: (Time is in decaauts)
 A = Elapsed time spent in this place.
 B = Non-inter-level travel time spent in this place.
 C = Inter-level travel time spent in this place.
 D = Time resting spent in this place.
 E = Time spent auto-exploring this place.
 F = Levels seen in this place.
 G = Mean time per level.
                   A        B        C        D        E       F      G
               +--------+--------+--------+--------+--------+-----+--------+
         Total |   4641 |   4432 |    209 |   1309 |   2531 |   5 |  928.2 |
       Dungeon |   4641 |   4432 |    209 |   1309 |   2531 |   5 |  928.2 |
               +--------+--------+--------+--------+--------+-----+--------+

Top non-repeatable levels by time:
     D:4: 1514 daAuts
     D:3: 985 daAuts
     D:2: 920 daAuts
     D:1: 916 daAuts
     D:5: 304 daAuts
